 Dungeon Crawl Stone Soup version 0.29.0-4-gdea44cf6ec (webtiles) character file.

Game seed: 10605672937473377545

76 qw the Chopper (level 4, -4/28 HPs)
             Began as a Gargoyle Fighter on Sept 6, 2022.
             Slain by Sigmund
             ... wielding a +0 scythe
              (9 damage)
             ... on level 2 of the Dungeon.
             The game lasted 00:00:42 (2126 turns).

qw the Chopper (Gargoyle Fighter)                   Turns: 2126, Time: 00:00:43

Health: -4/28      AC: 10    Str: 22    XL:     4   Next: 32%
Magic:  4/4        EV:  9    Int:  8    God:
Gold:   160        SH:  0    Dex:  9    Spells: 3/3 levels left

rFire   . . .      SeeInvis .   Y - +2 war axe
rCold   . . .      Faith    .   c - +0 buckler
rNeg    + . .      Spirit   .   b - +0 scale mail
rPois   inf        Reflect  .   (no helmet)
rElec   +          Harm     .   (no cloak)
rCorr   .          Rampage  .   (no gloves)
Will    .....                   (no boots)
Stlth   ..........              (no amulet)
HPRegen 0.09/turn               (no ring)
MPRegen 0.09/turn               (no ring)

@: confused
A: sickness immunity, AC +3, negative energy resistance 1, electricity
resistance, torment resistance 1, petrification resistance
a: no special abilities


You were on level 2 of the Dungeon.
You visited 1 branch of the dungeon, and saw 2 of its levels.

You collected 160 gold pieces.


Innate Abilities, Weirdness & Mutations

You are immune to sickness and miasma.
Your stone body is resilient. (AC +3)
You are immune to poison.
You resist negative energy. (rN+)
You are resistant to electric shocks. (rElec)
You are resistant to unholy torment.
You are immune to petrification.


   Skills:
 - Level 3.2 Fighting
 + Level 4.0 Axes
 - Level 3.2 Armour
 - Level 3.2 Shields


You had 3 spell levels left.
You didn't know any spells.
Your spell library was empty.

Inventory:

Hand Weapons
 h - a +0 flail
 Y - a +2 war axe (weapon)
Armour
 b - a +0 scale mail (worn)
 c - a +0 buckler (worn)
 j - a +0 chain mail
Jewellery
 a - a ring of magical power
 g - a +6 ring of intelligence
Scrolls
 m - a scroll of fog {unknown}
Potions
 d - 2 potions of might
 e - a potion of lignification {unknown}
 f - a potion of haste {unknown}
 i - 2 potions of curing {unknown}
 k - 2 potions of heal wounds {unknown}
 l - a potion of magic {unknown}

Dungeon Overview and Level Annotations

Branches:
Dungeon (2/15)

Altars:
Kikubaaqudgha

Shops:
D:1 =

Annotations:
D:2 Sigmund


Message History

You hit something. The bat hits you but does no damage.
The bat hits you but does no damage. Something hits you.
You slash the bat!
You kill the bat!
You closely miss something. Something hits you but does no damage.
You're too confused to attack without stumbling around!
There is a strange disturbance nearby!
Something hits you but does no damage.
You're too confused to attack without stumbling around!
There is a strange disturbance nearby!
You're too confused to attack without stumbling around!
There is a strange disturbance nearby!
You feel less confused. Something hits you but does no damage.
You slash something! Something completely misses you.
You slash something! Something hits you.
You closely miss something.
You hear some strange, mumbled words.
A puff of flame appears from out of thin air!
You block the puff of flame.
You barely miss something. Something hits you.
You closely miss something.
You hear some strange, mumbled words.
You are confused.
You're too confused to attack without stumbling around!
There is a strange disturbance nearby!
Something hits you!
You're too confused to attack without stumbling around!
There is a strange disturbance nearby!
You're too confused to attack without stumbling around!
There is a strange disturbance nearby!
You're too confused to attack without stumbling around!
There is a strange disturbance nearby!
Something hits you!
You die...

## #...#.##.#
#..###.#.##.#
#######........##.#
#....##.####.####.#
#....##.# #.# #.#
#....... #.# #.#
#.....# #.# #.#
#.....######.# #..
#{@........%.# ###
#.%...#####..#
#.....#####..#
#............#
#.#########.#######
#.#### #........
#....# #########
####.# # #.# #


There were no monsters in sight!

Vanquished Creatures
  Terence (D:2)
  2 adders (D:2)
  A worm (D:2)
  3 dart slugs
  2 endoplasms (D:1)
  A giant cockroach (D:1)
  3 goblins (D:2)
  2 hobgoblins
  A quokka (D:1)
  2 ball pythons
  4 bats
  A frilled lizard (D:1)
  4 kobolds
  3 rats (D:1)
30 creatures vanquished.

Notes
Turn   | Place    | Note
-------+----------+-------------------------------------------
     0 | D:1      | qw the Gargoyle Fighter began the quest for the Orb.
     0 | D:1      | Reached XP level 1. HP: 14/14 MP: 1/1
     0 | D:1      | 0 ||| qw: Version: 0.1-a-108-g9e35731
     0 | D:1      | 0 ||| qw: Game counter: 6330
     0 | D:1      | 0 ||| qw: Always use a shield: true
     0 | D:1      | 0 ||| qw: God list: Okawaru
     0 | D:1      | 0 ||| qw: Allow faded altars: false
     0 | D:1      | 0 ||| qw: Do Orc after D:15 true
     0 | D:1      | 0 ||| qw: Do second Lair branch before Depths: true
     0 | D:1      | 0 ||| qw: Lair rune preference: random
     0 | D:1      | 0 ||| qw: Plans: Normal, Zot, God:TSO, Crypt, Tomb, Zig,
                  | Orb
     0 | D:1      | 0 ||| PLANNING D:1-11
    44 | D:1      | Reached skill level 2 in Axes
   172 | D:1      | Found Ijizoir's Jewellery Boutique.
   174 | D:1      | 174 ||| Stepping ~*~*~tactically~*~*~ (hiding).
   296 | D:1      | 296 ||| SHOPLISTING amulet of Opavaf {+Inv rPois Regen+
                  | Int-4 SInv} (440 gold, have 3).
   296 | D:1      | 296 ||| SHOPLISTING ring of positive energy (200 gold, have
                  | 3).
   334 | D:1      | Reached XP level 2. HP: 18/19 MP: 2/2
   976 | D:1      | 976 ||| DROPPING scarf of harm.
   977 | D:1      | 977 ||| READING scroll labelled QASURU MUIKINI.
  1078 | D:1      | 1078 ||| READING scroll labelled TUNUIL UROSHRA.
  1146 | D:2      | Found a faded altar of an unknown god.
  1263 | D:2      | Reached skill level 3 in Axes
  1322 | D:2      | Found an ancient bone altar of Kikubaaqudgha.
  1376 | D:2      | Reached XP level 3. HP: 23/23 MP: 3/3
  1443 | D:2      | 1443 ||| Stepping ~*~*~tactically~*~*~ (hiding).
  1446 | D:2      | 1446 ||| Stepping ~*~*~tactically~*~*~ (hiding).
  1711 | D:2      | Noticed Terence
  1723 | D:2      | Killed Terence
  1724 | D:2      | Reached XP level 4. HP: 23/28 MP: 4/4
  1883 | D:2      | Reached skill level 4 in Axes
  1884 | D:2      | 1884 ||| READING scroll of enchant weapon.
  1884 | D:2      | 1884 ||| ENCHANTING +1 war axe.
  2105 | D:2      | Noticed Sigmund
  2123 | D:2      | HP: 5/28 [something (9)]
  2126 | D:2      | Slain by Sigmund

Levels and vault maps discovered:
D:1:      lemuel_arrival_lava_pool, layout_basic, serial_shops,
          nicolae_diamond_shop
D:2:      layout_basic, dreamdust_ecumenical_altar_angels_and_demons,
          basic_altar, uniq_sigmund, uniq_terence

Skill      XL: |  1  2  3  4 |
---------------+-------------+-----
Axes           | 2 3 4 |  4.0
Fighting       | |  3.2
Armour         | |  3.2
Shields        | |  3.2

Action                   |  1- 3 |  4- 6 || total
-------------------------+-------+-------++-------
Melee: War axe           |    86 |    12 ||    98
  Use: Scroll            |     2 |     1 ||     3
Armor: Scale mail        |    45 |     9 ||    54
Dodge: Dodged            |    33 |     1 ||    34
Block: Buckler           |    14 |     3 ||    17

Table legend:
 A = Non-vault XP
 B = Vault XP
 C = Vault XP percentage of total XP
 D = Non-vault monster count
 E = Vault monster count
 F = Vault count percentage of total count
                 A         B        C        D         E       F
            +---------+---------+-------+---------+---------+-------
      Total |      77 |      32 |  29.4 |      29 |       1 |   3.3
            +---------+---------+-------+---------+---------+-------
        D:1 |      27 |       0 |   0.0 |      16 |       0 |   0.0
        D:2 |      50 |      32 |  39.0 |      13 |       1 |   7.1
            +---------+---------+-------+---------+---------+-------
